 Dungeon Crawl Stone Soup version 0.15.0-18-g9076a4f (webtiles) character file.

126 Johnny the Skirmisher (level 5, 0/63 HPs)
             Began as a Human Berserker on Sept 6, 2014.
             Was a Believer of Trog.
             Slain by a gnoll
             ... wielding a +0 spear
              (4 damage)
             ... on Level 3 of the Dungeon.
             The game lasted 00:06:04 (2532 turns).

Johnny the Skirmisher (Human Berserker)             Turns: 2532, Time: 00:06:05

HP   0/63        AC 25     Str 18      XL: 5   Next: 32%
MP   5/5         EV  2     Int  7      God: Trog [**....]
Gold 103         SH  0     Dex 18      Spells:  0 memorised,  4 levels left

rFire  + . .     SeeInvis .     a - +0 hand axe
rCold  + . .     Clarity  .     n - melded +2 chain mail {rPois}
rNeg   + + +     rCorr    +     (no shield)
rPois  +         rRot     .     (no helmet)
rElec  +         Spirit   .     (cloak currently unavailable)
SustAb .         Warding  .     (gloves currently unavailable)
rMut   .         NoTele   +     (boots currently unavailable)
Gourm  .                        r - amulet of faith
MR     ++...                    s - ring of positive energy
                                o - +3 ring of protection

@: agile, exhausted, tree-form, resistant, very slightly contaminated,
regenerating, hasted and slowed, very resistant to hostile enchantments, fairly
stealthy
A: (large bone plates 0), deterioration 1
a: Burn Spellbooks, Berserk, Trog's Hand, Renounce Religion


You were on level 3 of the Dungeon.
You worshipped Trog.
Trog was pleased with you.
You were not hungry.
You were an animated tree.
You visited 1 branch of the dungeon, and saw 3 of its levels.

You collected 103 gold pieces.

Inventory:

Hand weapons
 a - a +0 hand axe (weapon)
Armour
 n - a +2 chain mail of poison resistance (melded)
Comestibles
 c - 2 bread rations
 t - a rotting chunk of worker ant flesh
 w - a meat ration
Scrolls
 d - a scroll of identify {unknown}
 e - a scroll of blinking {unknown}
 f - 2 scrolls of remove curse
 g - a scroll of noise {unknown}
 k - a scroll of teleportation {unknown}
 q - a scroll of amnesia {unknown}
Jewellery
 m - a +1 ring of dexterity
 o - a +3 ring of protection (left branch)
 r - an amulet of faith (around neck)
 s - a ring of positive energy (right branch)
 v - an uncursed ring of sustain abilities
Potions
 h - a potion of mutation
 p - a potion of agility


   Skills:
 * Level 3.9 Fighting
 * Level 3.9 Axes
 * Level 2.4 Armour
 * Level 3.2 Dodging


You had 4 spell levels left.
You didn't know any spells.

Dungeon Overview and Level Annotations

Branches:
Dungeon (3/15)

Altars:
Trog


Innate Abilities, Weirdness & Mutations

((You are partially covered in large bone plates (AC +2, SH +2).))
Your body is slowly deteriorating.


Message History

It was a potion of resistance.
The orc priest closely misses you. The orc priest completely misses you.
The gnoll hits you from afar with a spear.
* * * LOW HITPOINT WARNING * * *
Drink which item? (? for menu, Esc to quit)
You turn into an animated tree.
Your +2 chain mail of poison resistance melds into your body.
Your roots penetrate the ground.
It was a potion of lignification.
You feel the effects of Trog's Hand fading.
The orc priest hits you but does no damage. x2
The gnoll hits you from afar with a spear.
* * * LOW HITPOINT WARNING * * *
You cannot move.
You cannot move.
The orc priest hits you but does no damage.
The gnoll hits you but does no damage.
The orc priest hits you but does no damage.
The orc priest hits you but does no damage.
The gnoll hits you from afar with a spear.
You die...

#.# #+# . #.# ##.#
#.# #.. ..# #...#
#.. ##.###.....
#####...#.o.... ####
..........g.o_...
...# #.#..g# ##.#
#.##o### .#.#
#.###..o♣).# .#.#
#.......)### ##.#
########.# P..#
###.####..# ...##
#........# ....#
#.#.####.#
#P..##########.#.#
#........#(..#.#.###
#..###.............#


You could see 2 orc priests and a gnoll.

Vanquished Creatures
  A worker ant (D:3)
  3 adders (D:2)
  2 gnolls (D:3)
  3 giant geckos
  An ooze (D:1)
  An orc (D:3)
  2 giant cockroaches
  13 hobgoblins
  5 jackals (D:2)
  4 kobolds
  A ball python (D:1)
  5 bats
  2 giant newts
  3 goblins
  9 rats
55 creatures vanquished.

Notes
Turn   | Place    | Note
--------------------------------------------------------------
     0 | D:1      | Johnny, the Human Berserker, began the quest for the Orb.
     0 | D:1      | Reached XP level 1. HP: 18/18 MP: 1/1
   193 | D:1      | Reached XP level 2. HP: 14/24 MP: 2/2
   774 | D:1      | Reached XP level 3. HP: 22/29 MP: 3/3
  1202 | D:2      | Acquired Trog's second power
  1518 | D:2      | Reached XP level 4. HP: 32/36 MP: 4/4
  2139 | D:3      | Reached XP level 5. HP: 30/42 MP: 5/5
  2495 | D:3      | Found a bloodstained altar of Trog.
  2525 | D:3      | Gained mutation: You are partially covered in large bone plates (AC +2, SH +2). [potion of mutation]
  2525 | D:3      | Gained mutation: Your body is slowly deteriorating. [potion of mutation]
  2528 | D:3      | HP: 2/42 [orc priest/war axe (7)]
  2532 | D:3      | Slain by a gnoll

Action                   |  1- 3 |  4- 6 || total
-------------------------+-------+-------++-------
Melee: Hand axe          |   127 |    75 ||   202
Invok: Berserk           |     2 |     1 ||     3
       Trog's Hand       |       |     4 ||     4
  Use: Potion            |       |    10 ||    10
       Scroll            |       |     1 ||     1
  Eat: Chunk             |     4 |     2 ||     6
